 Dungeon Crawl Stone Soup version 0.22-a0-558-gc224181 (webtiles) character file.

694840 kae the Sensei (level 27, -30/302 HPs)
             Began as a Demonspawn Transmuter on June 26, 2018.
             Was the Champion of Okawaru.
             Killed from afar by Lorriz the pandemonium lord (34 damage)
             ... with a great blast of fire
             ... on level 8 of the Dungeon.
             The game lasted 02:32:43 (75535 turns).

kae the Sensei (Demonspawn Transmuter)             Turns: 75535, Time: 02:32:43

Health: -30/302    AC: 25    Str: 16      XL:     27
Magic:  0/36       EV: 25    Int: 20 (22) God:    Okawaru [******]
Gold:   7926       SH: 10    Dex: 33      Spells: 19/44 levels left

rFire    + + .     SeeInvis +     - Unarmed
rCold    + + .     Gourm    .   A - +3 buckler {rPois}
rNeg     + . .     Faith    .   R - +2 pearl dragon scales "Vuplynuroq" {rF- rN+ MR+ Dex+7 SInv}
rPois    +         Spirit   +   L - +1 helmet of Midwinter {rC+ Slay+3}
rElec    .         Reflect  .   q - scarf {rC+ rF+}
rCorr    .         Harm     .   (gloves unavailable)
MR       +++..                  m - +2 pair of boots {Fly}
Stlth    ++........             y - amulet "Xuser" {rF+ Regen+ Int+3 Dex+3 Slay+3}
HPRegen  0.00/turn              l - +5 ring of slaying
MPRegen  0.50/turn              j - ring "Nofiodoi" {Str+4 Slay+2 Stlth+}

@: finesse, flying, studying Evocations
A: claws 3, molten scales 3, clever 1, deformed body, nightstalker 3, robust 3,
inhibited regeneration, magic shield, magic regeneration, magic link, no potion
heal 1, MP-powered wands
0: Orb of Zot
}: 3/15 runes: barnacled, silver, gossamer
a: Heroism, Finesse, Renounce Religion, Stop Flying


You were on level 8 of the Dungeon.
You worshipped Okawaru.
Okawaru was exalted by your worship.
You were full.

You visited 10 branches of the dungeon, and saw 50 of its levels.
You visited the Abyss 1 time.
You also visited: Labyrinth, Trove, Sewer, Ossuary, Ice Cave and Volcano.

You collected 8158 gold pieces.
You spent 232 gold pieces at shops.

Inventory:

Missiles
 a - 1317 arrows
Armour
 b - the +4 scale mail of the Big Bang {Int+4}
   (You found it on level 2 of the Vaults)

   It affects your intelligence (+4).
 m - a +2 pair of boots of flying (worn)
 q - a scarf of resistance (worn)
 A - a +3 buckler of poison resistance (worn)
 L - the +1 helmet of Midwinter (worn) {rC+ Slay+3}
   (Okawaru gifted it to you on level 5 of the Depths)

   It affects your accuracy and damage with ranged weapons and melee attacks
   (+3).
   It protects you from cold.
 R - the +2 pearl dragon scales "Vuplynuroq" (worn) {rF- rN+ MR+ Dex+7 SInv}
   (You found it on level 12 of the Dungeon)

   It affects your dexterity (+7).
   It makes you vulnerable to fire.
   It protects you from negative energy.
   It affects your resistance to hostile enchantments.
   It lets you see invisible.
Jewellery
 f - a ring of the Octopus King {rN+ AC+1 EV+1 Str+1 Int+1 Dex+1}
   (You found it on level 5 of the Realm of Zot)

   [ring of positive energy]

   It affects your AC (+1).
   It affects your evasion (+1).
   It affects your strength (+1).
   It affects your intelligence (+1).
   It affects your dexterity (+1).
   It protects you from negative energy.
 j - the ring "Nofiodoi" (right claw) {Str+4 Slay+2 Stlth+}
   (You took it off a tengu warrior on level 2 of the Depths)

   [ring of strength]

   It affects your strength (+4).
   It affects your accuracy and damage with ranged weapons and melee attacks
   (+2).
   It makes you more stealthy.
 l - a +5 ring of slaying (left claw)
 s - an uncursed ring of resist corrosion
 t - the ring "Muzoveaf" {+Blink rC++ rN+ Int-4}
   (You acquired it on level 1 of the Vaults)

   [ring of positive energy]

   It affects your intelligence (-4).
   It greatly protects you from cold.
   It protects you from negative energy.
   It lets you blink.
 y - the amulet "Xuser" (around neck) {rF+ Regen+ Int+3 Dex+3 Slay+3}
   (You found it on level 5 of the Dungeon)

   [amulet of regeneration]

   It affects your intelligence (+3).
   It affects your dexterity (+3).
   It affects your accuracy and damage with ranged weapons and melee attacks
   (+3).
   It protects you from fire.
   It increases your rate of regeneration.
 Z - an uncursed ring of positive energy
Wands
 c - a wand of paralysis (45)
 g - a wand of enslavement (13)
 u - a wand of flame (137)
 v - a wand of random effects (122)
 G - a wand of clouds (7)
 H - a wand of polymorph (29)
 K - a wand of disintegration (11)
 M - a wand of digging (26)
 N - a wand of acid (28)
 Q - a wand of scattershot (5)
 U - a wand of iceblast (60)
Scrolls
 e - 8 scrolls of teleportation
 k - 7 scrolls of enchant armour
 o - 17 scrolls of remove curse
 C - 9 scrolls of identify
 F - 5 scrolls of fear
 S - a scroll of amnesia
 T - a scroll of summoning
 X - 2 scrolls of silence
Potions
 h - 8 potions of curing
 r - 14 potions of lignification
 w - a potion of heal wounds
 x - 19 potions of brilliance
 z - 3 potions of haste
 B - 4 potions of mutation
 D - 9 potions of ambrosia
 E - 3 potions of agility
 J - 2 potions of magic
 P - 5 potions of cancellation
 V - 3 potions of invisibility
 W - 3 potions of resistance
 Y - 3 potions of berserk rage
Books
 O - a manual of Evocations
Comestibles
 d - 66 rations


   Skills:
 + Level 22.9 Fighting
 + Level 17.2 Armour
 + Level 15.8 Dodging
 - Level 4.0 Shields
 + Level 24.0 Unarmed Combat
 - Level 9.0 Spellcasting
 - Level 19.6 Transmutations
 - Level 11.0 Invocations
 + Level 7.4 Evocations


You had 19 spell levels left.
You knew the following spells:

 Your Spells              Type           Power        Failure   Level  Hunger
a - Beastly Appendage     Tmut           ######       0%          1    None
b - Sticks to Snakes      Tmut           ######..     0%          2    None
c - Spider Form           Tmut/Pois      #####.....   1%          3    None
d - Blade Hands           Tmut           ######....   1%          5    #####..
e - Ice Form              Ice/Tmut       #####...     3%          4    ###....
f - Confusing Touch       Hex            #.....       21%         1    None
g - Passwall              Tmut/Erth      #####...     1%          2    None
h - Dragon Form           Tmut           ######....   5%          7    #######

Your spell library contained the following spells:

 Spells                   Type           Power        Failure   Level  Hunger
 Cause Fear               Hex            #.........   90%         4    ###....
 Magic Dart               Conj           #...         21%         1    None
 Fireball                 Conj/Fire      #.........   99%         5    #####..
 Apportation              Tloc           #.....       21%         1    None
 Conjure Flame            Conj/Fire      #.......     52%         3    None
 Bolt of Fire             Conj/Fire      #.........   100%        6    ######.
 Bolt of Cold             Conj/Ice       #.........   100%        6    ######.
 Lightning Bolt           Conj/Air       #.........   99%         5    #####..
 Bolt of Magma            Conj/Fire/Erth #.........   99%         5    #####..
 Slow                     Hex            #.......     30%         2    None
 Confuse                  Hex            #.......     52%         3    None
 Invisibility             Hex            #.......     100%        6    ######.
 Throw Frost              Conj/Ice       #.....       30%         2    None
 Controlled Blink         Tloc           N/A          100%        8    #######
 Freezing Cloud           Conj/Ice/Air   #.........   100%        6    ######.
 Mephitic Cloud           Conj/Pois/Air  #.......     52%         3    None
 Ring of Flames           Chrm/Fire      #.........   100%        7    #######
 Venom Bolt               Conj/Pois      #.........   99%         5    #####..
 Summon Small Mammal      Summ           #...         21%         1    None
 Blink                    Tloc           N/A          30%         2    None
 Animate Dead             Necr           N/A          90%         4    ###....
 Pain                     Necr           #...         21%         1    None
 Animate Skeleton         Necr           N/A          21%         1    None
 Vampiric Draining        Necr           #.........   52%         3    None
 Freeze                   Ice            #...         21%         1    None
 Ozocubu's Refrigeration  Ice            #.........   100%        6    ######.
 Summon Ice Beast         Ice/Summ       #.......     90%         4    ###....
 Ozocubu's Armour         Chrm/Ice       #.......     52%         3    None
 Call Imp                 Summ           #.......     30%         2    None
 Regeneration             Chrm/Necr      #.........   52%         3    None
 Tukima's Dance           Hex            #.......     52%         3    None
 Summon Demon             Summ           #.........   99%         5    #####..
 Iron Shot                Conj/Erth      #.........   100%        6    ######.
 Shock                    Conj/Air       #...         21%         1    None
 Swiftness                Chrm/Air       #.......     30%         2    None
 Recall                   Summ/Tloc      N/A          52%         3    None
 Deflect Missiles         Chrm/Air       #.........   100%        6    ######.
 Throw Icicle             Conj/Ice       #.......     90%         4    ###....
 Airstrike                Air            #.........   90%         4    ###....
 Shadow Creatures         Summ           N/A          100%        6    ######.
 Flame Tongue             Conj/Fire      #....        21%         1    None
 Ignite Poison            Fire/Tmut/Pois #####...     4%          3    None
 Call Canine Familiar     Summ           #.......     52%         3    None
 Ensorcelled Hibernation  Hex/Ice        #.....       30%         2    None
 Metabolic Englaciation   Hex/Ice        #.........   99%         5    #####..
 Silence                  Hex/Air        #.........   99%         5    #####..
 Dispersal                Tloc           #.........   100%        6    ######.
 Static Discharge         Conj/Air       #.......     52%         3    None
 Corona                   Hex            #......      21%         1    None
 Alistair's Intoxication  Tmut/Pois      #####...     10%         5    #####..
 Lee's Rapid Deconstruct  Erth           #.........   99%         5    #####..
 Simulacrum               Ice/Necr       #.........   100%        6    ######.
 Portal Projectile        Hex/Tloc       #.....       52%         3    None
 Petrify                  Tmut/Erth      #####...     3%          4    ###....
 Passage of Golubria      Tloc           N/A          90%         4    ###....
 Orb of Destruction       Conj           #.........   100%        7    #######
 Darkness                 Hex            #.........   100%        6    ######.
 Shroud of Golubria       Chrm/Tloc      #.........   30%         2    None
 Aura of Abjuration       Summ           #.........   99%         5    #####..
 Disjunction              Tloc           #.........   100%        8    #######
 Iskenderun's Battlesphe  Conj/Chrm      #.......     99%         5    #####..
 Dazzling Spray           Conj/Hex       #.....       52%         3    None
 Force Lance              Conj/Tloc      #.......     90%         4    ###....
 Infusion                 Chrm           #...         21%         1    None
 Song of Slaying          Chrm           #.......     30%         2    None
 Spectral Weapon          Hex/Chrm       #.......     52%         3    None
 Discord                  Hex            #.........   100%        8    #######
 Summon Forest            Summ/Tloc      #.........   99%         5    #####..
 Summon Lightning Spire   Summ/Air       #.......     90%         4    ###....
 Summon Guardian Golem    Hex/Summ       #.......     52%         3    None
 Dragon's Call            Summ           #.........   100%        9    #######
 Spellforged Servitor     Conj/Summ      #.........   100%        7    #######
 Summon Mana Viper        Hex/Summ       #.......     99%         5    #####..
 Gell's Gravitas          Tloc           #.........   52%         3    None
 Yara's Violent Unravell  Hex/Tmut       #####.....   10%         5    #####..
 Poisonous Vapours        Pois/Air       #.....       30%         2    None
 Ignition                 Fire           #.........   100%        8    #######
 Borgnjor's Vile Clutch   Necr/Erth      #.........   99%         5    #####..


Dungeon Overview and Level Annotations

Branches:
Dungeon (15/15)            Temple (1/1) D:5            Lair (6/6) D:10
 Shoals (4/4) Lair:4       Spider (4/4) Lair:3        Slime (0/5) Lair:6
    Orc (2/2) D:12            Elf (3/3) Orc:2        Vaults (5/5) D:14
  Crypt (0/3) Vaults:3     Depths (5/5) D:15            Zot (5/5) Depths:5

Altars:
Ashenzari
Cheibriados
Dithmenos
Elyvilon
Fedhas
Gozag
Hepliaklqana
Kikubaaqudgha
Makhleb
Nemelex Xobeh
Okawaru
Qazlal
Ru
Sif Muna
Trog
Uskayaw
Vehumet
Wu Jian
Xom
Yredelemnul
Zin
The Shining One
Beogh
Jiyva

Shops:
D:5 [}!   D:15 [   Orc:2 *:}=   Elf:1 (   Vaults:1 *   Vaults:3 (   Depths:2 (*

Portals:
Hell: Depths:1 Depths:2 Depths:3 Depths:4 Depths:5
Abyss: Depths:4
Pandemonium: Depths:1 Depths:2 Depths:3 Depths:5
Ziggurat: Depths:5

Annotations:
D:3 Sigmund
D:5 exclusion: upstairs
Elf:2 3 runed doors
Vaults:1 3 runed doors
Vaults:3 3 runed doors, Putrafox's ghost, veteran GrEE


Innate Abilities, Weirdness & Mutations

You have claws for hands.
You are completely covered in molten scales. (AC +4, rF+)
You are completely attuned to the shadows.
You are extremely robust. (+30% HP)
When hurt, damage is shared between your health and your magic reserves.
You regenerate magic rapidly.
When low on magic, you restore magic in place of health.
Your mind is acute. (Int +2)
Armour fits poorly on your strangely shaped body.
You do not regenerate when monsters are visible.
Potions are less effective at restoring your health.
You expend magic power (3 MP) to strengthen your wands.


Message History

The sixfirhy closely misses you. You block the sixfirhy's attack.
The sixfirhy hits you but does no damage.
A hellwing comes into view.
Lorriz gestures at you.
A raging storm of fire appears!
The great blast of fire engulfs you! You partially resist.
* * * LOW HITPOINT WARNING * * *
The great blast of fire engulfs the sixfirhy.
The sixfirhy dies!
The hellwing moves out of view.
You hear a shout! 2 fire vortices come into view.
You are engulfed in blazing flames.
You resist.
* * * LOW HITPOINT WARNING * * *
You are engulfed in blazing flames.
You resist.
Lorriz is engulfed in blazing flames.
Lorriz gestures at you.
A raging storm of fire appears!
The great blast of fire engulfs you! You partially resist.
You die...

### ########## ##.#########
§........###.§..@.<...#
§.#####..##.&.........#
.##...##..§#.4§.......#
##(....##v##.(v.......#
#.......#.##..........#
'.......#3##..........##########
#......434....................>#
##....4##.##.............#####.#
......###.##.............# #.#


You could see Lorriz, a hellwing and a fire vortex.

Vanquished Creatures
  8 orbs of fire
  A juggernaut (Depths:5)
  Mara (Depths:2)
  3 ancient liches (Zot:5)
  Boris (twice) (Depths:4 Depths:5)
  6 Killer Klowns
  Margery (Depths:2)
  2 curse toes
  15 golden dragons
  3 electric golems
  Jorgrun (Depths:2)
  5 liches
  A hellephant (Zot:2)
  16 tentacled monstrosities
  27 Orb Guardians
  10 quicksilver dragons
  A deep elf blademaster (Elf:3)
  2 deep elf master archers (Elf:3)
  3 titans
  A tentacled starspawn (Abyss:5)
  An Executioner (D:8)
  Frances (Shoals:2)
  6 death cobs
  A thorn hunter (Depths:3)
  6 sphinxes
  Gastronok (Lair:2)
  Polyphemus (Shoals:2)
  Kirke (Spider:1)
  9 tengu reavers
  4 draconian monks
  11 shadow dragons
  5 nagarajas (Depths:1)
  13 storm dragons
  2 iron dragons
  5 frost giants
  6 deep elf sorcerers
  5 draconian knights
  Ilsuiw (Shoals:4)
  5 draconian scorchers
  21 vault wardens
  9 fire giants
  2 balrugs
  Aizul (Elf:2)
  3 draconian shifters
  A curse skull (Zot:4)
  Louise (Elf:2)
  An orc warlord (Vaults:3)
  7 ghost moths
  A cacodemon (D:8)
  2 angels (Depths:3)
  21 ironheart preservers
  3 draconian annihilators
  6 emperor scorpions
  9 draconian stormcallers
  12 very ugly things
  2 deep elf elementalists (Elf:3)
  4 spriggan defenders
  A reaper (Depths:5)
  5 war gargoyles
  21 stone giants
  9 entropy weavers
  Nessos (Lair:4)
  7 deep elf demonologists
  6 black draconians
  4 dire elephants
  A lorocyproca (Abyss:5)
  9 red draconians
  A minotaur (Lab)
  10 green draconians
  10 deep elf annihilators
  13 spark wasps
  5 purple draconians
  9 yellow draconians
  The ghost of iamserjio the Grappler, a journeyman DrMo of Cheibriados (Lair:2)
  3 white draconians
  Snorg (D:10)
  A blizzard demon (Depths:5)
  11 ettins
  5 fire dragons
  A merfolk impaler (Shoals:2)
  10 deep elf death magi
  6 merfolk javelineers
  18 yaktaur captains
  7 great orbs of eyes
  Josephine (Lair:4)
  6 rakshasas
  3 jiangshi (Depths:1)
  9 deep elf high priests
  3 naga warriors
  Harold (Lair:2)
  2 merfolk avatars
  Fannar (D:11)
  12 ice dragons
  A quicksilver dragon skeleton (Depths:1)
  A catoblepas (Shoals:2)
  35 vault guards
  7 hydras
  13 centaur warriors
  Erica (D:8)
  3 anacondas
  2 merfolk aquamancers (Shoals:4)
  7 spriggan air magi
  5 death knights
  3 satyrs (Shoals:4)
  13 ogre magi
  A satyr (shapeshifter) (Vaults:5)
  2 two-headed ogres (shapeshifter)
  8 deep troll earth magi
  3 tengu warriors (Depths:2)
  42 two-headed ogres
  7 orc high priests
  4 deep troll shamans
  14 death yaks
  11 dancing weapons
  Urug (D:14)
  Sonja (D:11)
  3 vampire magi
  A shock serpent (Depths:2)
  3 soul eaters (Depths:5)
  4 sun demons
  5 thrashing horrors (Abyss:5)
  9 deep elf knights
  Nergalle (D:11)
  A sixfirhy (D:8)
  13 hell knights
  A wretched star (Abyss:5)
  A death drake (shapeshifter) (Vaults:2)
  3 unseen horrors
  4 shadow wraiths
  An iron troll (Depths:2)
  2 quicksilver dragon simulacra (Depths:5)
  5 skeletal warriors
  6 swamp dragons (Depths:3)
  6 glowing orange brains
  A shadow demon (Abyss:5)
  A sea snake (shapeshifter) (Vaults:2)
  A storm dragon skeleton (Depths:1)
  2 deep trolls (shapeshifter)
  An obsidian statue (Zot:4)
  26 deep trolls
  2 sea snakes
  6 flayed ghosts
  2 lindwurms (Depths:1)
  17 harpies
  7 deep elf archers
  22 orc knights
  7 wizards
  8 necromancers
  16 orb spiders
  18 ironbrand convokers
  3 phantasmal warriors
  6 oklob plants
  42 wolf spiders
  44 ugly things
  5 orc sorcerers
  2 salamanders (Volcano)
  51 deep elf magi
  9 cyclopes
  7 fauns (Shoals:4)
  21 moths of wrath
  A salamander (shapeshifter) (Vaults:4)
  9 manticores
  A worldbinder (Abyss:5)
  An elephant (shapeshifter) (Vaults:5)
  A guardian serpent (shapeshifter) (Vaults:4)
  2 torpor snails (Spider:4)
  3 black mambas
  2 merfolk sirens
  An apocalypse crab (Abyss:5)
  5 guardian serpents
  9 rust devils
  3 ice statues
  7 elephants
  16 vault sentinels
  2 smoke demons
  A water nymph (Shoals:2)
  A spiny frog (shapeshifter) (Depths:1)
  24 spiny frogs
  2 orange demons (D:8)
  A gargoyle (D:10)
  6 rime drakes
  2 centaur skeletons (D:14)
  8 komodo dragons
  2 ice devils (Depths:5)
  An efreet (Depths:5)
  22 demonic crawlers
  2 tormentors
  14 freezing wraiths
  A guardian mummy (D:12)
  62 yaktaurs
  A yaktaur skeleton (Depths:1)
  8 merfolk
  A tengu conjurer (D:12)
  A queen bee (shapeshifter) (Vaults:3)
  A troll (shapeshifter) (D:15)
  27 jumping spiders
  6 hellwings
  A jumping spider (shapeshifter) (Elf:1)
  3 polar bears
  4 ancient zymes (Abyss:5)
  10 red devils
  A hornet (shapeshifter) (Vaults:4)
  8 trolls
  4 tyrant leeches (Lair:6)
  6 large abominations
  22 hornets
  42 slime creatures
  A wind drake (Shoals:4)
  Grinder (D:4)
  A harpy skeleton (Abyss:5)
  A snapping turtle (Shoals:4)
  22 blink frogs
  2 dream sheep (Shoals:4)
  7 hippogriffs
  A raiju (Abyss:5)
  A flying skull (Depths:5)
  A redback (shapeshifter) (D:14)
  A frost giant simulacrum (Vaults:3)
  A spriggan (shapeshifter) (Depths:4)
  A ynoxinul (Depths:3)
  A fire dragon skeleton (Depths:1)
  4 shadows
  42 tarantellas
  2 air elementals (Elf:2)
  12 spriggans
  5 hogs (Spider:1)
  10 wraiths
  2 vampires (D:15)
  A hog (shapeshifter) (Vaults:3)
  5 water elementals
  Eustachio (D:4)
  A fire elemental (Elf:1)
  72 redbacks
  2 fire bats (Volcano)
  A golden eye (shapeshifter) (Depths:3)
  3 wyverns
  35 yaks
  A chaos spawn (Depths:3)
  25 humans
  A human (shapeshifter) (Vaults:2)
  Grum (D:11)
  2 basilisks
  4 wargs
  4 hungry ghosts
  11 vampire mosquitoes
  3 neqoxecs
  A human simulacrum (Vaults:3)
  14 nagas (Depths:1)
  A spatial vortex (Abyss:5)
  5 swamp worms (Depths:3)
  4 acid dragons
  9 hell hounds
  13 water moccasins
  2 soldier ants
  5 porcupines
  5 black bears
  46 orc warriors
  18 ice beasts
  A phantom (D:8)
  A swamp drake (Depths:3)
  4 sky beasts
  An eye of draining (D:8)
  4 ettin simulacra (Depths:5)
  3 wolves (D:11)
  10 boggarts
  43 ogres
  14 centaurs
  7 crocodiles
  10 big kobolds
  19 bullfrogs
  3 earth elementals
  A wyvern zombie (D:11)
  4 scorpions
  An orc simulacrum (Vaults:1)
  18 killer bees
  13 wights
  4 electric eels
  5 howler monkeys
  3 small abominations (Abyss:5)
  11 crimson imps
  2 bullfrog zombies
  6 centaur zombies
  A quasit (D:13)
  4 hounds
  Crazy Yiuf (D:3)
  6 jellies
  2 bullfrog skeletons
  2 iron imps (Depths:3)
  25 orc priests
  4 iguanas
  8 worker ants
  18 orc wizards
  Ijyb (D:3)
  2 lightning spires (Zot:4)
  2 big kobold zombies (Ossuary)
  A hound skeleton (D:10)
  8 mummies
  Robin (D:4)
  3 gnolls (D:4)
  19 adders
  4 shadow imps
  2 white imps (Depths:3)
  2 ufetubi (Depths:3)
  2 oozes
  3 adder zombies (Ossuary)
  7 adder skeletons
  2 dart slugs
  4 leopard geckos
  107 orcs
  7 ball pythons
  6 bats
  7 giant cockroaches
  21 goblins
  9 hobgoblins
  13 jackals
  47 kobolds
  6 quokkas
  11 frilled lizards
  3 goblin zombies (Ossuary)
  2 hobgoblin zombies (Ossuary)
  A jackal skeleton (D:4)
  2 kobold zombies (Ossuary)
  A leopard gecko zombie (D:7)
  An orc zombie (Ossuary)
  A quokka skeleton (D:4)
  8 quokka zombies (Ossuary)
  13 rats
  4 rat zombies (Ossuary)
  A crawling corpse (Vaults:4)
  A fire vortex (Depths:1)
  A fungus (Lair:6)
  A lurking horror (Abyss:5)
  3 plants (Shoals:4)
2466 creatures vanquished.

Vanquished Creatures (collateral kills)
  Maurice (D:8)
  An adder (D:2)
  A kobold (D:2)
3 creatures vanquished.

Vanquished Creatures (others)
  A draconian shifter (Zot:5)
  An alligator (Depths:3)
  A deep elf mage (Vaults:4)
  A large abomination (D:8)
  A boggart (Vaults:2)
  An orc priest (Orc:2)
  An ufetubus (D:8)
  A crawling corpse (Vaults:4)
  18 fungi
  79 plants
105 creatures vanquished.

Grand Total: 2574 creatures vanquished

Notes
Turn   | Place    | Note
-------+----------+-------------------------------------------
     0 | D:1      | kae the Demonspawn Transmuter began the quest for the Orb.
     0 | D:1      | Reached XP level 1. HP: 15/15 MP: 3/3
    99 | D:1      | Gained mutation: You are partially covered in molten scales. (AC +2) [demonic ancestry]
    99 | D:1      | Reached XP level 2. HP: 16/21 MP: 3/5
   225 | D:1      | Reached skill level 3 in Unarmed Combat
   542 | D:1      | Learned a level 2 spell: Sticks to Snakes
   611 | D:1      | Gained mutation: You are slightly more attuned to the shadows. [demonic ancestry]
   611 | D:1      | Reached XP level 3. HP: 23/26 MP: 4/6
  1089 | D:2      | Learned a level 3 spell: Spider Form
  1153 | D:2      | Found a burning altar of Makhleb.
  1676 | D:2      | Reached XP level 4. HP: 6/33 MP: 5/7
  2318 | D:3      | Noticed Ijyb
  2321 | D:3      | Paralysed by Ijyb for 6 turns
  2340 | D:3      | Paralysed by Ijyb for 4 turns
  2348 | D:3      | Paralysed by Ijyb for 7 turns
  2364 | D:3      | Killed Ijyb
  2618 | D:3      | Gained mutation: You have sharp fingernails. [demonic ancestry]
  2618 | D:3      | Reached XP level 5. HP: 36/38 MP: 8/8
  2953 | D:3      | Noticed Sigmund
  3178 | D:3      | Found a runed door.
  3436 | D:3      | Noticed Crazy Yiuf
  3445 | D:3      | Killed Crazy Yiuf
  3536 | D:4      | Noticed Grinder
  3553 | D:4      | Noticed a crocodile
  3573 | D:4      | Found a radiant altar of Vehumet.
  3605 | D:4      | Found a sacrificial altar of Ru.
  3614 | D:4      | Noticed Robin
  3633 | D:4      | Reached skill level 4 in Unarmed Combat
  3636 | D:4      | Killed Robin
  3698 | D:4      | Gained mutation: You have very sharp fingernails. [demonic ancestry]
  3698 | D:4      | Reached XP level 6. HP: 24/45 MP: 2/10
  3853 | D:4      | Found a glowing drain.
  3862 | D:4      | Reached skill level 1 in Armour
  3870 | Sewer    | Entered a sewer
  4001 | Sewer    | Gained mutation: You are significantly more attuned to the shadows. [demonic ancestry]
  4001 | Sewer    | Reached XP level 7. HP: 17/51 MP: 3/11
  4065 | Sewer    | Got a twisted robe
  4533 | D:4      | Reached skill level 5 in Unarmed Combat
  4693 | D:4      | Found a glowing silver altar of Zin.
  4763 | D:4      | Identified the cursed +0 robe "Noadol" {rPois rN+ MP+9 Dex+2} (You found it in a sewer)
  5128 | D:4      | Noticed Eustachio
  5368 | D:4      | Killed Eustachio
  5368 | D:4      | Gained mutation: You are mostly covered in molten scales. (AC +3) [demonic ancestry]
  5368 | D:4      | Reached XP level 8. HP: 50/58 MP: 13/13
  5599 | D:4      | Killed Grinder
  5599 | D:4      | Reached skill level 5 in Transmutations
  5692 | D:5      | Entered Level 5 of the Dungeon
  5721 | D:5      | Found a staircase to the Ecumenical Temple.
  5742 | Temple   | Entered the Ecumenical Temple
  5976 | Temple   | Became a worshipper of Warmaster Okawaru
  5998 | D:5      | Got a scintillating crystal amulet
  6144 | D:5      | Found a shattered altar of Ashenzari.
  6213 | D:5      | Found a sand-covered staircase.
  6221 | Ossuary  | Entered an ossuary
  6493 | Ossuary  | Reached skill level 6 in Unarmed Combat
  6493 | Ossuary  | Reached skill level 1 in Invocations
  6807 | D:5      | Identified the amulet "Xuser" {rF+ Regen+ Int+3 Dex+3 Slay+3} (You found it on level 5 of the Dungeon)
  6887 | D:5      | Found Fani's Armour Emporium.
  7018 | D:5      | Found a hazy altar of Hepliaklqana.
  7029 | D:5      | Found Piwyl's Distillery.
  7032 | D:5      | Bought a potion of lignification for 42 gold pieces
  7032 | D:5      | Bought a potion of mutation for 112 gold pieces
  7032 | D:5      | Bought a potion of curing for 42 gold pieces
  7047 | D:4      | Found a snail-covered altar of Cheibriados.
  7361 | D:5      | Found Ymaat's Gadget Emporium.
  7606 | D:6      | Reached * piety under Okawaru
  7606 | D:6      | Gained mutation: When hurt, damage is shared between your health and your magic reserves. [demonic ancestry]
  7606 | D:6      | Reached XP level 9. HP: 46/66 MP: 15/15
  7620 | D:6      | Reached skill level 1 in Shields
  8342 | D:6      | Reached ** piety under Okawaru
  8586 | D:7      | Reached skill level 7 in Unarmed Combat
  8705 | D:7      | Reached skill level 5 in Spellcasting
  8929 | D:7      | Reached skill level 5 in Fighting
  9273 | D:7      | Found a snail-covered altar of Cheibriados.
  9273 | D:7      | Found a shadowy altar of Dithmenos.
  9936 | D:8      | Noticed Erica
  9942 | D:8      | Noticed Maurice
 10170 | D:8      | Gained mutation: You have claws for hands. [demonic ancestry]
 10170 | D:8      | Reached XP level 10. HP: 60/74 MP: 12/17
 10653 | D:8      | Killed Maurice
 10653 | D:8      | Reached *** piety under Okawaru
 10704 | D:8      | Killed Erica
 10704 | D:8      | Reached skill level 8 in Unarmed Combat
 10704 | D:8      | Reached skill level 5 in Invocations
 11383 | D:9      | Noticed a two-headed ogre
 11398 | D:9      | Killed a two-headed ogre
 11398 | D:9      | Reached **** piety under Okawaru
 11719 | D:9      | Reached XP level 11. HP: 6/81 MP: 1/20
 11935 | D:9      | Noticed a two-headed ogre
 11944 | D:9      | Killed a two-headed ogre
 11944 | D:9      | Received a gift from Okawaru
 11944 | D:9      | Reached skill level 9 in Unarmed Combat
 12133 | D:10     | Entered Level 10 of the Dungeon
 12146 | D:10     | Killed an unseen horror
 12146 | D:10     | Reached ***** piety under Okawaru
 12237 | D:10     | Received a gift from Okawaru
 12379 | D:10     | Found a staircase to the Lair.
 12452 | D:10     | Noticed Snorg
 12472 | D:10     | Killed Snorg
 13419 | D:11     | Noticed a centaur warrior
 13422 | D:11     | Noticed a two-headed ogre
 13436 | D:11     | Killed a centaur warrior
 13436 | D:11     | Received a gift from Okawaru
 13439 | D:11     | Killed a two-headed ogre
 13499 | D:11     | Noticed Grum
 13573 | D:11     | Killed Grum
 13614 | D:11     | Noticed Sonja
 13619 | D:11     | Killed Sonja
 13619 | D:11     | Reached skill level 10 in Unarmed Combat
 13680 | D:11     | Noticed Fannar
 13872 | D:11     | Noticed Nergalle
 13881 | D:11     | Killed Nergalle
 14094 | D:11     | Gained mutation: You regenerate magic rapidly. [demonic ancestry]
 14094 | D:11     | Reached XP level 12. HP: 91/91 MP: 22/22
 14176 | D:11     | Received a gift from Okawaru
 14581 | Lair:1   | Entered Level 1 of the Lair of Beasts
 14974 | Lair:1   | Found a frozen archway.
 15009 | IceCv    | Entered an ice cave
 15557 | IceCv    | Noticed an ice dragon
 15567 | IceCv    | Learned a level 5 spell: Blade Hands
 15571 | IceCv    | Noticed an ice dragon
 15579 | IceCv    | Killed an ice dragon
 15587 | IceCv    | Killed an ice dragon
 15587 | IceCv    | Reached skill level 11 in Unarmed Combat
 16405 | Lair:2   | Noticed Gastronok
 16419 | Lair:2   | Killed Gastronok
 16449 | Lair:2   | Found a runed gate.
 16449 | Lair:2   | Noticed an 11-headed hydra
 16450 | Lair:2   | Found a runed gate.
 16451 | Lair:2   | Found a runed gate.
 16465 | Lair:2   | Found a dark tunnel.
 16472 | Volcano  | Entered a volcano
 16487 | Volcano  | Noticed a two-headed ogre
 16520 | Volcano  | Killed a two-headed ogre
 16528 | Volcano  | Noticed a two-headed ogre
 16532 | Volcano  | Killed a two-headed ogre
 16540 | Volcano  | Noticed a two-headed ogre
 16547 | Volcano  | Killed a two-headed ogre
 16547 | Volcano  | Reached ****** piety under Okawaru
 16841 | Lair:2   | Noticed Harold
 16848 | Lair:2   | Killed Harold
 16848 | Lair:2   | Reached XP level 13. HP: 100/100 MP: 25/25
 16852 | Lair:2   | Reached skill level 10 in Invocations
 17073 | Lair:2   | Received a gift from Okawaru
 17468 | Lair:2   | Noticed iamserjio's ghost (journeyman DrMo)
 17575 | Lair:3   | Learned a level 4 spell: Ice Form
 17620 | Lair:3   | Found a hole to the Spider Nest.
 18102 | Lair:3   | Reached skill level 12 in Unarmed Combat
 18552 | Lair:3   | Reached skill level 10 in Transmutations
 18886 | Lair:4   | Noticed Nessos
 18894 | Lair:4   | Killed Nessos
 18896 | Lair:4   | Received a gift from Okawaru
 18902 | Lair:4   | Got a slimy ring mail {god gift}
 18928 | Lair:4   | Noticed Josephine
 19170 | Lair:4   | Killed Josephine
 19199 | Lair:4   | Found a staircase to the Shoals.
 19883 | Lair:5   | Identified the +2 ring mail of Parts Unknown {rElec rF- Regen+} (Okawaru gifted it to you on level 4 of the Lair of Beasts)
 20361 | Lair:5   | Found a labyrinth entrance.
 20368 | Lab      | Entered a labyrinth
 20645 | Lab      | Noticed a minotaur
 20658 | Lab      | Killed a minotaur
 20698 | Lab      | Got a sapphire-encrusted leather armour
 20698 | Lab      | Got a wavering tin ring
 20700 | Lab      | Identified the ring "Luchigga" {rC+ EV+1 Dex+2} (You found it in a labyrinth)
 20711 | Lab      | Identified the +0 leather armour "Ytocvobrio" {rElec rF+ rC-} (You found it in a labyrinth)
 21063 | Lair:6   | Entered Level 6 of the Lair of Beasts
 21133 | Lair:6   | Reached skill level 10 in Fighting
 21205 | Lair:6   | Reached skill level 13 in Unarmed Combat
 21321 | Lair:6   | Reached XP level 14. HP: 110/110 MP: 22/27
 22180 | Lair:6   | Received a gift from Okawaru
 22212 | Lair:6   | Reached skill level 14 in Unarmed Combat
 22379 | Lair:6   | Found a viscous altar of Jiyva.
 22381 | Lair:6   | Found a staircase to the Slime Pits.
 22439 | Lair:6   | Received a gift from Okawaru
 22795 | Lair:6   | Got a faintly humming large shield
 23136 | D:10     | Identified the +0 large shield of Valiance {rC+ Dex+4} (You found it on level 6 of the Lair of Beasts)
 23234 | D:12     | Got a translucent jade ring
 23560 | D:12     | Got smoking pearl dragon scales
 23571 | D:12     | Identified the +2 pearl dragon scales "Vuplynuroq" {rF- rN+ MR+ Dex+7 SInv} (You found it on level 12 of the Dungeon)
 23821 | D:12     | Found a staircase to the Orcish Mines.
 23984 | D:12     | Found a portal to a secret trove of treasure.
 24463 | Orc:1    | Entered Level 1 of the Orcish Mines
 24854 | Orc:2    | Entered Level 2 of the Orcish Mines
 24854 | Orc:2    | Found Poin's Jewellery Shoppe.
 25132 | Orc:2    | Found a staircase to the Elven Halls.
 25162 | Orc:2    | Found a roughly hewn altar of Beogh.
 25252 | Orc:2    | Reached skill level 15 in Unarmed Combat
 25446 | Orc:2    | Gained mutation: You are robust. (+10% HP) [demonic ancestry]
 25446 | Orc:2    | Reached XP level 15. HP: 103/132 MP: 25/28
 25496 | Orc:2    | Received a gift from Okawaru
 25522 | Orc:2    | Got a dazzling buckler {god gift}
 25547 | Orc:2    | Identified the +2 buckler of the Slorg {Str+4 SInv} (Okawaru gifted it to you on level 2 of the Orcish Mines)
 26233 | Orc:2    | Gained mutation: Your body sometimes deteriorates upon taking damage. [a neqoxec]
 26251 | Orc:2    | Reached skill level 5 in Armour
 26420 | Orc:2    | Found Uprur's Assorted Antiques.
 26420 | Orc:2    | Found Eliadgh's Book Shop.
 26450 | Orc:2    | Found Zyub's Gadget Emporium.
 26450 | Orc:2    | Found Yxkajebut's Weapon Shop.
 26474 | Orc:2    | Bought a scroll labeled LYTU TOTRYI for 36 gold pieces
 27547 | D:14     | Identified the ring "Wezubb" {Int+2 SInv} (You found it on level 12 of the Dungeon)
 27585 | D:14     | Got a distressingly furry scale mail
 27596 | D:14     | Identified the +4 scale mail of Puxeic {Int+7} (You found it on level 14 of the Dungeon)
 27816 | D:14     | Noticed Urug
 27859 | D:14     | Killed Urug
 27912 | D:14     | Found a gate to the Vaults.
 28327 | D:14     | You fall through a shaft!
 28327 | D:15     | Entered Level 15 of the Dungeon
 28434 | D:15     | Received a gift from Okawaru
 28506 | D:15     | Found a staircase to the Depths.
 29185 | D:15     | Found Otaam's Armour Emporium.
 29867 | Lair:1   | Gained mutation: You are completely covered in molten scales. (AC +4, rF+) [demonic ancestry]
 29867 | Lair:1   | Reached XP level 16. HP: 141/141 MP: 29/29
 29924 | Spider:1 | Entered Level 1 of the Spider Nest
 29935 | Spider:1 | Received a gift from Okawaru
 30513 | Spider:1 | Reached skill level 16 in Unarmed Combat
 30513 | Spider:1 | Gained mutation: You are very robust. (+20% HP) [demonic ancestry]
 30513 | Spider:1 | Reached XP level 17. HP: 121/162 MP: 25/30
 31224 | Spider:1 | Noticed Kirke
 31230 | Spider:1 | Killed Kirke
 31253 | Spider:1 | Received a gift from Okawaru
 31749 | Spider:2 | Received a gift from Okawaru
 33228 | Spider:3 | Received a gift from Okawaru
 33473 | Spider:3 | Reached skill level 10 in Armour
 34236 | Spider:4 | Entered Level 4 of the Spider Nest
 35500 | Spider:4 | Received a gift from Okawaru
 35757 | Spider:4 | Reached skill level 17 in Unarmed Combat
 35887 | Spider:4 | Received a gift from Okawaru
 35894 | Spider:4 | Reached XP level 18. HP: 116/172 MP: 12/31
 36435 | Spider:4 | Paralysed by a hornet for 1 turns
 36602 | Spider:4 | Received a gift from Okawaru
 37158 | Spider:4 | Got a gossamer rune of Zot
 38008 | D:11     | Killed Fannar
 38623 | Lair:2   | Killed iamserjio's ghost
 38872 | Shoals:1 | Entered Level 1 of the Shoals
 39191 | Shoals:2 | Noticed Frances
 39203 | Shoals:2 | Killed Frances
 39203 | Shoals:2 | Reached skill level 1 in Evocations
 39291 | Shoals:2 | Received a gift from Okawaru
 39295 | Shoals:2 | Noticed Polyphemus
 39327 | Shoals:2 | Killed Polyphemus
 39727 | Shoals:4 | Entered Level 4 of the Shoals
 40206 | Shoals:4 | Noticed Ilsuiw
 40226 | Shoals:4 | Killed Ilsuiw
 40237 | Shoals:4 | HP: 7/175 [merfolk javelineer/javelin of penetration (13)]
 40559 | Shoals:4 | Got a barnacled rune of Zot
 40773 | Vaults:1 | Entered Level 1 of the Vaults
 40997 | Vaults:1 | Received a gift from Okawaru
 41018 | Vaults:1 | Reached XP level 19. HP: 163/182 MP: 29/32
 41117 | Vaults:1 | Reached skill level 18 in Unarmed Combat
 41795 | Vaults:1 | Found a runed gate.
 41795 | Vaults:1 | Found a runed gate.
 41795 | Vaults:1 | Found a runed gate.
 41856 | Vaults:1 | Learned a level 1 spell: Confusing Touch
 41982 | Vaults:1 | Identified a scroll of acquirement
 41983 | Vaults:1 | Got a bound lapis lazuli ring
 41985 | Vaults:1 | Identified the ring "Muzoveaf" {+Blink rC++ rN+ Int-4} (You acquired it on level 1 of the Vaults)
 42255 | Vaults:1 | Found Jiakhlaa's General Store.
 42872 | Vaults:2 | Found a shattered altar of Ashenzari.
 43057 | Vaults:2 | Noticed a lich
 43085 | Vaults:2 | Killed a lich
 43089 | Vaults:2 | Reached skill level 5 in Evocations
 43376 | Vaults:2 | Received a gift from Okawaru
 43745 | Vaults:2 | Reached skill level 10 in Dodging
 45056 | Vaults:3 | Found Soudoj's Antique Weapon Boutique.
 45137 | Vaults:3 | Reached skill level 15 in Fighting
 45225 | Vaults:3 | Received a gift from Okawaru
 45506 | Vaults:2 | Got a spiked scale mail
 45517 | Vaults:2 | Identified the +4 scale mail of the Big Bang {Int+4} (You found it on level 2 of the Vaults)
 45693 | Vaults:3 | Reached XP level 20. HP: 194/194 MP: 31/33
 46262 | Vaults:3 | Reached skill level 19 in Unarmed Combat
 46447 | Vaults:3 | Found a staircase to the Crypt.
 46458 | Vaults:3 | Received a gift from Okawaru
 46632 | Vaults:3 | Found a runed gate.
 46633 | Vaults:3 | Found a runed gate.
 46634 | Vaults:3 | Found a runed gate.
 46634 | Vaults:3 | Noticed Putrafox's ghost (veteran GrEE)
 48578 | Vaults:4 | Received a gift from Okawaru
 48737 | Vaults:4 | Reached XP level 21. HP: 207/207 MP: 34/34
 49911 | Elf:1    | Entered Level 1 of the Elven Halls
 49935 | Elf:1    | Received a gift from Okawaru
 50105 | Elf:1    | Reached skill level 20 in Unarmed Combat
 50812 | Elf:1    | Found Doestruab's Weapon Shop.
 51343 | Elf:2    | Noticed Aizul
 51354 | Elf:2    | Killed Aizul
 51665 | Elf:2    | Found a runed gate.
 51665 | Elf:2    | Found a runed gate.
 51666 | Elf:2    | Found a runed gate.
 51745 | Elf:2    | Noticed Louise
 51871 | Elf:2    | Killed Louise
 52295 | Elf:2    | Received a gift from Okawaru
 52338 | Elf:2    | Learned a level 2 spell: Passwall
 52557 | Depths:1 | Entered Level 1 of the Depths
 53203 | Depths:1 | Got a transparent steel ring
 53264 | Depths:1 | Found a one-way gate leading to the halls of Pandemonium.
 53387 | Depths:1 | Received a gift from Okawaru
 53809 | Depths:1 | Identified the ring "Lielet" {Wiz Dex+2} (You found it on level 1 of the Depths)
 53878 | Depths:1 | Received a gift from Okawaru
 54103 | Depths:1 | Found a gateway to Hell.
 54662 | D:12     | You paid a toll of +6 fire dragon scales to enter a treasure trove
 54663 | Trove    | Entered a treasure trove
 54709 | D:12     | Lost mutation: Your body sometimes deteriorates upon taking damage. [potion of mutation]
 54709 | D:12     | Gained mutation: Your muscles are strong. (Str +2) [potion of mutation]
 54709 | D:12     | Gained mutation: You tend to lose your temper in combat. [potion of mutation]
 54709 | D:12     | Lost mutation: You tend to lose your temper in combat. [potion of mutation]
 54709 | D:12     | Gained mutation: You expend magic power (3 MP) to strengthen your wands. [potion of mutation]
 54802 | Depths:2 | Noticed Mara
 54814 | Depths:2 | Killed Mara
 54814 | Depths:2 | Reached XP level 22. HP: 198/223 MP: 28/35
 54824 | Depths:2 | Noticed Jorgrun
 54832 | Depths:2 | Reached skill level 21 in Unarmed Combat
 54839 | Depths:2 | Killed Jorgrun
 55086 | Depths:2 | Got a coiled lapis lazuli ring
 55253 | Depths:2 | Identified the ring "Nofiodoi" {Str+4 Slay+2 Stlth+} (You took it off a tengu warrior on level 2 of the Depths)
 55540 | Depths:2 | Found Ostruq's Weapon Boutique.
 55593 | Depths:2 | Identified the amulet of Xom's Wantonness {Faith Dex+3 SInv Stlth+} (You acquired it on level 2 of the Depths)
 55602 | Depths:2 | Found Yfyaffen's Serpentskin Sales.
 55646 | Depths:2 | Received a gift from Okawaru
 56128 | Depths:2 | Noticed Margery
 56140 | Depths:2 | Killed Margery
 57275 | Depths:3 | Received a gift from Okawaru
 57280 | Depths:3 | Gained mutation: You are extremely robust. (+30% HP) [demonic ancestry]
 57280 | Depths:3 | Reached XP level 23. HP: 117/254 MP: 18/36
 57704 | Depths:4 | Reached skill level 22 in Unarmed Combat
 57745 | Depths:4 | Noticed Boris
 57758 | Depths:4 | Killed Boris
 58416 | Depths:4 | Found a one-way gate to the infinite horrors of the Abyss.
 58833 | Depths:5 | Entered Level 5 of the Depths
 58942 | Depths:5 | Paralysed by a great orb of eyes for 5 turns
 58979 | Depths:5 | Received a gift from Okawaru
 59297 | Depths:5 | Received a gift from Okawaru
 59491 | Depths:5 | Found a shadowy altar of Dithmenos.
 59493 | Depths:5 | Found a gateway to a ziggurat.
 59508 | Depths:5 | Noticed a juggernaut
 59533 | Depths:5 | Killed a juggernaut
 59579 | Depths:5 | Noticed Boris
 59586 | Depths:5 | Killed Boris
 59977 | Depths:5 | Found a hide-covered altar of Uskayaw.
 60342 | Depths:5 | Gained mutation: You are completely attuned to the shadows. [demonic ancestry]
 60342 | Depths:5 | Reached XP level 24. HP: 253/267 MP: 35/36
 60412 | Depths:5 | Found a gate to the Realm of Zot.
 60445 | Depths:5 | Received a gift from Okawaru
 60456 | Depths:5 | Identified the +1 helmet of Midwinter {rC+ Slay+3} (Okawaru gifted it to you on level 5 of the Depths)
 60577 | Depths:5 | Found a basalt altar of Yredelemnul.
 60707 | Depths:5 | Found a shattered altar of Ashenzari.
 61351 | Vaults:4 | Gained mutation: When low on magic, you restore magic in place of health. [demonic ancestry]
 61351 | Vaults:4 | Reached XP level 25. HP: 275/275 MP: 36/36
 61358 | Vaults:5 | Entered Level 5 of the Vaults
 62186 | Vaults:4 | Received a gift from Okawaru
 62353 | Vaults:5 | Reached skill level 15 in Transmutations
 63480 | Vaults:5 | Received a gift from Okawaru
 63539 | Vaults:5 | Identified the +0 buckler of the Frog {Int+2 SInv Stlth-} (Okawaru gifted it to you on level 5 of the Vaults)
 63619 | Vaults:5 | Reached XP level 26. HP: 288/288 MP: 36/36
 63870 | Vaults:5 | Got a flickering golden ring
 63944 | Vaults:5 | Identified the ring of Grontol {+Fly rC- Int+7} (You found it on level 5 of the Vaults)
 64356 | Vaults:5 | Identified the ring of Eclyaviv {rC+ Str+5 Dex+3 Stlth+} (You acquired it on level 5 of the Vaults)
 64441 | Vaults:5 | Got a silver rune of Zot
 64913 | Depths:5 | Got a dazzling buckler
 64914 | Depths:5 | Identified the +2 buckler of Amelioration {rPois rC+ Str+2 Dex-4} (You acquired it on level 5 of the Depths)
 65199 | Elf:3    | Entered Level 3 of the Elven Halls
 66355 | Elf:3    | Reached skill level 15 in Armour
 66390 | Elf:3    | Got a smoking bone ring
 66647 | Elf:3    | Identified the Almanac of Cankerous Air
 67077 | Zot:1    | Entered Level 1 of the Realm of Zot
 67083 | Zot:1    | Identified the ring "Lefabarph" {*Tele rC+ Int+5} (You took it off a deep elf elementalist on level 3 of the Elven Halls)
 67182 | Zot:1    | Noticed an orb of fire
 67196 | Zot:1    | Gained mutation: Potions are less effective at restoring your health. [an orb of fire]
 67197 | Zot:1    | Killed an orb of fire
 67209 | Zot:1    | Received a gift from Okawaru
 67211 | Zot:1    | Reached skill level 23 in Unarmed Combat
 68164 | Zot:2    | Received a gift from Okawaru
 68729 | Zot:2    | Reached XP level 27. HP: 299/299 MP: 36/36
 69560 | Zot:3    | Received a gift from Okawaru
 71060 | Zot:4    | Received a gift from Okawaru
 72062 | Zot:5    | Entered Level 5 of the Realm of Zot
 72203 | Zot:5    | Noticed an orb of fire
 72214 | Zot:5    | Killed an orb of fire
 72401 | Zot:5    | Noticed an orb of fire
 72408 | Zot:5    | Killed an orb of fire
 72491 | Zot:5    | Noticed an ancient lich
 72496 | Zot:5    | Killed an ancient lich
 72641 | Zot:5    | Reached skill level 15 in Dodging
 72648 | Zot:5    | Noticed an ancient lich
 72653 | Zot:5    | Killed an ancient lich
 72655 | Zot:5    | Noticed an ancient lich
 72666 | Zot:5    | Killed an ancient lich
 72727 | Zot:5    | Received a gift from Okawaru
 72854 | Zot:5    | Noticed an orb of fire
 72864 | Zot:5    | Killed an orb of fire
 72869 | Zot:5    | Noticed an orb of fire
 72879 | Zot:5    | Gained mutation: Your body sometimes deteriorates upon taking damage. [an orb of fire]
 72880 | Zot:5    | Killed an orb of fire
 72899 | Zot:5    | Noticed an orb of fire
 72913 | Zot:5    | Killed an orb of fire
 72972 | Zot:5    | Received a gift from Okawaru
 73426 | Zot:5    | Noticed an orb of fire
 73430 | Zot:5    | Gained mutation: You do not regenerate when monsters are visible. [an orb of fire]
 73433 | Zot:5    | Killed an orb of fire
 73489 | Zot:5    | Got a ring of the Octopus King
 73888 | Zot:5    | Received a gift from Okawaru
 73928 | Zot:5    | Noticed an orb of fire
 73931 | Zot:5    | Gained mutation: You are clumsy. (Dex -2) [an orb of fire]
 73934 | Zot:5    | Killed an orb of fire
 74290 | Zot:5    | Identified a ring of the Octopus King {rN+ AC+1 EV+1 Str+1 Int+1 Dex+1} (You found it on level 5 of the Realm of Zot)
 74300 | Zot:5    | Learned a level 7 spell: Dragon Form
 74379 | Zot:5    | Got the Orb of Zot
 74632 | Depths:3 | Reached skill level 24 in Unarmed Combat
 74695 | Depths:1 | Noticed Pagenum the pandemonium lord
 74896 | D:8      | Noticed Holyerusuh the pandemonium lord
 74932 | D:8      | Noticed Lorriz the pandemonium lord
 74934 | D:9      | Noticed Mucrig the pandemonium lord
 74939 | D:9      | Cast into level 5 of the Abyss (Mucrig)
 74939 | Abyss:5  | Entered Level 5 of the Abyss
 75124 | Abyss:5  | Found a sparkling altar of Nemelex Xobeh.
 75205 | Abyss:5  | Found a sparkling altar of Nemelex Xobeh.
 75234 | Abyss:5  | Lost mutation: Your muscles are strong. (Str +2) [potion of mutation]
 75234 | Abyss:5  | Lost mutation: Your body sometimes deteriorates upon taking damage. [potion of mutation]
 75234 | Abyss:5  | Lost mutation: You are clumsy. (Dex -2) [potion of mutation]
 75234 | Abyss:5  | Gained mutation: Armour fits poorly on your strangely shaped body. [potion of mutation]
 75234 | Abyss:5  | Gained mutation: Your mind is acute. (Int +2) [potion of mutation]
 75354 | D:9      | Escaped the Abyss
 75531 | D:8      | HP: 7/302 [Lorriz the pandemonium lord/great blast of fire (35)]
 75535 | D:8      | Killed from afar by Lorriz the pandemonium lord

Vault maps used:
D:1:      dpeg_arrival_pits
D:2:      mumra_celtic_spiral_tile, overflow_temple_1_default
D:3:      first_ration, uniq_ijyb, uniq_sigmund, uniq_crazy_yiuf_cottage
D:4:      lemuel_upstairs_altar, vehumet_altar_wand_db, kennysheep_mini_moat,
          portal_sewer_entry_d, nicolae_ru_the_path_less_chosen, uniq_robin,
          uniq_grinder, uniq_eustachio
D:5:      cheibrodos_ashenzari_chains, overflow_temple_1_default,
          minmay_temple_entry_glass, serial_shops, nicolae_shop_window_shopping,
          shop, nicolae_shop_trees, gup_ossuary_entry_pyramid
D:7:      gammafunk_temple_overflow_elements
D:8:      kennysheep_six_static_rooms, uniq_maurice, uniq_erica
D:9:      hangedman_fish_farm
D:10:     lair_entry_dummy, uniq_snorg
D:11:     uniq_sonja, uniq_nergalle, uniq_grum, uniq_fannar
D:12:     hiddenorc1_lemuel, nicolae_trove_entry_path_of_doom,
          minmay_diamond_spiral
D:14:     david_vaults_3
D:15:     hangedman_depths_entry_try_elsewhere_first, serial_shops,
          nicolae_shop_trees, dk_noncrumbling_4
Temple:   regret_index_temple_generic_petals
Lair:1:   portal_ice_cave_rime
Lair:2:   gammafunk_ghost_hydra_chop, nicolae_volcano_entry_lava_flow,
          uniq_gastronok, uniq_harold
Lair:3:   dummy_spider_entry
Lair:4:   minmay_shoals_entry_beasts, minivault_19, serial_bayou_shore_b,
          grunt_megastairs_5, infiniplex_staircase_pool, serial_bayou_shore_a,
          uniq_nessos, uniq_josephine
Lair:5:   lab_entry_generic
Lair:6:   minmay_lair_end_frog_pond, slime_altar_1
Shoals:2: nicolae_shoals_cliffside_cave, uniq_frances, uniq_polyphemus
Shoals:4: shoals_end_grunt_garden, shoals_ilsuiw_ice
Spider:1: hangedman_spider_mandibles, uniq_kirke
Spider:3: spider_trap
Spider:4: grunt_spider_rune_island
Orc:2:    grunt_orc_tribal_feast, serial_shops, shop, basic_altar,
          guppyfry_orc_lava_fort
Elf:1:    elf_arrival_002, serial_shops, shop, hangedman_elf_disciples
Elf:2:    uniq_aizul, uniq_louise, uniq_nikola
Elf:3:    grunt_elf_hall_asides
Vaults:1: gammafunk_vaults_ghost_cemetery, v_misc_12, ontoclasm_vaults_idyll,
          v_misc_32, vaults_room_mumra_shop_pool, vaults_mumra_minichess,
          grunt_vaults_funnel, v_alt_pattern_4, v_misc_13, v_pattern_5, v_misc_4
Vaults:2: v_alt_pattern_2, v_misc_1, v_misc_2, nicolae_vaults_sealed_display,
          hangedman_vaults_nails, v_rooms_2, v_misc_14, ontoclasm_vaults_shout,
          vaults_room_pool, basic_altar
Vaults:3: gammafunk_vaults_ghost_split, hangedman_vaults_stitches, v_misc_13,
          hangedman_vaults_variations, minmay_crypt_entry_simple_box,
          grunt_vaults_bifocal, vaults_room_door_hall, v_misc_3,
          special_room_vaults, vaults_dpeg_encased_lava,
          nicolae_vaults_border_crossing, ontoclasm_vaults_decontamination,
          dpeg_vaults_monster_box, ontoclasm_vaults_twist,
          ontoclasm_vaults_loading_screen, grunt_vaults_diagonal, serial_shops,
          nicolae_shop_behind_doors
Vaults:4: hangedman_vaults_capsules, nicolae_vaults_stairing_the_circle,
          nicolae_vaults_network_periphery, vaults_room_large_hall, v_misc_15,
          vaults_room_corners, nicolae_vaults_alarming, vaults_mumra_hexcomb,
          vaults_room_fancy_cross, nicolae_vaults_rhombus_6
Depths:1: hellmouth_3, pan_entry, minmay_serpent_palace
Depths:2: minmay_cut_squares, grunt_metal_band, serial_shops, shop, pan_entry,
          guppyfry_shop_venom, uniq_jorgrun, uniq_mara
Depths:3: onia_ninara_swampy_vault, hell_entry, grunt_pan_entry_in_and_out,
          hangedman_decor_clover_reticule
Depths:4: kennysheep_ogre_elephant_herders, minmay_misc_feat_five, abyss_entry,
          hell_entry, uniq_boris, uniq_margery
Depths:5: grunt_profane_halls, hell_entry, pan_entry, uniq_boris
Zot:2:    circus_mu
Zot:4:    evilmike_crystal_ball_defense, st_stairs_7
Zot:5:    lemuel_lake_of_fire
Abyss:5:  evilmike_abyss_exit_8, hangedman_cross_veins,
          hangedman_abyss_rune_macabre_mess
Lab:      labyrinth_mini_lab, nicolae_lab_quarters, nicolae_lab_statue,
          nicolae_lab_blocks
Trove:    trove_misc_throne_room
Sewer:    kennysheep_pipe_town
Ossuary:  ossuary_boxes_badplayer
IceCv:    ice_cave_small_dragons
Volcano:  volcano_village

Skill      XL: |  1  2  3  4  5  6  7  8  9 10 11 12 13 14 15 16 17 18 19 20 21 22 23 24 25 26 27 |
---------------+----------------------------------------------------------------------------------+-----
Transmutations | 2 3 4 6 7 8 9 10 12 13 14 15 17 19 | 19.6
Unarmed Combat | 3 4 5 6 7 8 10 11 13 15 16 17 18 19 20 21 22 23 24 | 24.0
Fighting       | 2 3 4 5 6 7 8 10 11 12 13 14 15 16 18 20 21 22 | 22.9
Spellcasting   | 3 4 5 6 7 8 9 |  9.0
Armour         | 1 2 3 4 8 10 12 13 14 15 17 | 17.2
Invocations    | 2 4 6 8 9 11 | 11.0
Shields        | 2 4 |  4.0
Dodging        | 2 6 7 9 10 11 12 13 14 15 | 15.8
Evocations     | 3 6 7 |  7.4

Action                   |  1- 3 |  4- 6 |  7- 9 | 10-12 | 13-15 | 16-18 | 19-21 | 22-24 | 25-27 || total
-------------------------+-------+-------+-------+-------+-------+-------+-------+-------+-------++-------
Melee: Unarmed           |   148 |   265 |   468 |   560 |  1114 |   985 |  1743 |   885 |  1366 ||  7534
       Kick              |     3 |     5 |       |    12 |       |       |       |       |       ||    20
       Headbutt          |     4 |     2 |     2 |    19 |       |       |       |       |       ||    27
       Punch             |     3 |       |     9 |       |    57 |    65 |   132 |   101 |   167 ||   534
 Cast: Beastly Appendage |    18 |    10 |     1 |    14 |       |     1 |       |       |       ||    44
       Sticks to Snakes  |     1 |     4 |     2 |     5 |       |       |    15 |       |       ||    27
       Spider Form       |       |    17 |    28 |    15 |     1 |       |       |       |       ||    61
       Blade Hands       |       |       |       |     2 |    94 |    64 |    88 |    38 |    84 ||   370
       Ice Form          |       |       |       |       |     3 |     1 |       |       |       ||     4
       Confusing Touch   |       |       |       |       |       |       |     1 |       |     2 ||     3
       Passwall          |       |       |       |       |       |       |     5 |       |       ||     5
       Dragon Form       |       |       |       |       |       |       |       |       |     1 ||     1
Invok: Heroism           |       |       |     3 |    22 |    13 |    11 |    17 |     7 |    12 ||    85
       Finesse           |       |       |       |       |       |       |       |       |     3 ||     3
 Abil: End Transformatio |       |       |       |       |     1 |     1 |       |       |       ||     2
       Breathe Fire      |       |       |       |       |       |       |       |       |     1 ||     1
Evoke: Wand              |       |       |       |       |     1 |    15 |     3 |     1 |    18 ||    38
  Use: Scroll            |       |    13 |    13 |     8 |    14 |     9 |    21 |     7 |    29 ||   114
       Potion            |       |     1 |     3 |     4 |     2 |     8 |     4 |     3 |    25 ||    50
 Stab: Sleeping          |     5 |     5 |    32 |    20 |    31 |     9 |     5 |     8 |     7 ||   122
       Distracted        |       |       |       |     6 |     2 |     2 |     5 |     7 |     8 ||    30
       Held in net/web   |       |       |       |       |       |     1 |       |       |       ||     1
       Petrified         |       |       |       |       |       |     3 |       |       |       ||     3
  Eat: Chunk             |     2 |    11 |    15 |    14 |    48 |    36 |    58 |    22 |    31 ||   237
       Ration            |       |       |     2 |     3 |     5 |     4 |     2 |     4 |    10 ||    30
Armor: Robe              |    20 |       |    49 |    47 |    22 |       |       |       |       ||   138
       Leather armour    |    18 |    52 |     6 |       |       |       |       |       |       ||    76
       Skin              |       |    12 |     6 |     4 |     9 |     3 |       |       |       ||    34
       Ring mail         |       |       |       |       |    97 |       |       |       |       ||    97
       Pearl dragon scal |       |       |       |       |   125 |       |   434 |   344 |   611 ||  1514
       Scale mail        |       |       |       |       |    72 |   602 |   188 |       |       ||   862
Dodge: Dodged            |    76 |   225 |   265 |   283 |   525 |   781 |  1070 |   519 |  1183 ||  4927
Block: Buckler           |       |       |    40 |   149 |   123 |   107 |   268 |    97 |   229 ||  1013

Table legend:
 A = Spawn XP
 B = Non-spawn XP
 C = Spawn XP percentage of total XP
 D = Spawn monster count
 E = Non-spawn monster count
 F = Spawn count percentage of total count
 G = Total turns spent on level
                    A         B        C        D         E        F      G
               +---------+---------+-------+---------+---------+-------+---------
         Total |   11936 | 1622935 |   0.7 |      20 |    2426 |   0.8 | 75535
               +---------+---------+-------+---------+---------+-------+---------
           D:1 |       0 |      65 |   0.0 |       0 |      33 |   0.0 |  1084
           D:2 |       0 |      69 |   0.0 |       0 |      24 |   0.0 |  1188
           D:3 |       0 |     139 |   0.0 |       0 |      31 |   0.0 |  1264
           D:4 |       0 |    1114 |   0.0 |       0 |      43 |   0.0 |  1664
           D:5 |       0 |     362 |   0.0 |       0 |      12 |   0.0 |   993
           D:6 |       0 |    1393 |   0.0 |       0 |      21 |   0.0 |   996
           D:7 |       0 |     864 |   0.0 |       0 |      21 |   0.0 |  1235
           D:8 |       0 |    3145 |   0.0 |       0 |      25 |   0.0 |  1861
           D:9 |       0 |    4350 |   0.0 |       0 |      29 |   0.0 |   851
          D:10 |       0 |    3487 |   0.0 |       0 |      31 |   0.0 |  1661
          D:11 |       0 |    8081 |   0.0 |       0 |      44 |   0.0 |  1655
          D:12 |       0 |    8391 |   0.0 |       0 |      66 |   0.0 |  1624
          D:13 |       0 |    4721 |   0.0 |       0 |      25 |   0.0 |  1143
          D:14 |       0 |   10108 |   0.0 |       0 |      39 |   0.0 |  1030
          D:15 |       0 |   19422 |   0.0 |       0 |      49 |   0.0 |  1607
        Lair:1 |       0 |    1903 |   0.0 |       0 |       6 |   0.0 |   954
        Lair:2 |       0 |    8009 |   0.0 |       0 |      12 |   0.0 |  1279
        Lair:3 |       0 |   10640 |   0.0 |       0 |      27 |   0.0 |  1340
        Lair:4 |       0 |    5292 |   0.0 |       0 |      16 |   0.0 |  1129
        Lair:5 |       0 |    1308 |   0.0 |       0 |       6 |   0.0 |  1244
        Lair:6 |       0 |   27662 |   0.0 |       0 |      86 |   0.0 |  1591
      Shoals:1 |       0 |    1835 |   0.0 |       0 |       4 |   0.0 |   150
      Shoals:2 |       0 |   20280 |   0.0 |       0 |      26 |   0.0 |   734
      Shoals:3 |       0 |    2994 |   0.0 |       0 |       5 |   0.0 |   113
      Shoals:4 |       0 |   19928 |   0.0 |       0 |      29 |   0.0 |   769
      Spider:1 |       0 |   18472 |   0.0 |       0 |      46 |   0.0 |  1875
      Spider:2 |       0 |   21169 |   0.0 |       0 |      52 |   0.0 |  1058
      Spider:3 |       0 |   21230 |   0.0 |       0 |      63 |   0.0 |  2562
      Spider:4 |       0 |   41467 |   0.0 |       0 |      84 |   0.0 |  2084
         Orc:1 |       0 |    4990 |   0.0 |       0 |      37 |   0.0 |   700
         Orc:2 |       0 |   15187 |   0.0 |       0 |      67 |   0.0 |  1607
         Elf:1 |       0 |   17886 |   0.0 |       0 |      37 |   0.0 |  1538
         Elf:2 |       0 |   13077 |   0.0 |       0 |      21 |   0.0 |  1177
         Elf:3 |       0 |   52000 |   0.0 |       0 |      46 |   0.0 |  1523
      Vaults:1 |       0 |   43593 |   0.0 |       0 |      64 |   0.0 |  2054
      Vaults:2 |       0 |   57656 |   0.0 |       0 |      94 |   0.0 |  2548
      Vaults:3 |       0 |   76201 |   0.0 |       0 |     136 |   0.0 |  2525
      Vaults:4 |       0 |  117972 |   0.0 |       0 |     142 |   0.0 |  3865
      Vaults:5 |       0 |  112655 |   0.0 |       0 |     104 |   0.0 |  1564
      Depths:1 |       0 |   68642 |   0.0 |       0 |     120 |   0.0 |  2214
      Depths:2 |       0 |   82046 |   0.0 |       0 |      73 |   0.0 |  1332
      Depths:3 |       0 |   57133 |   0.0 |       0 |      81 |   0.0 |  1545
      Depths:4 |       0 |   43079 |   0.0 |       0 |      39 |   0.0 |  1456
      Depths:5 |       0 |  123625 |   0.0 |       0 |     113 |   0.0 |  2318
         Zot:1 |       0 |   52517 |   0.0 |       0 |      27 |   0.0 |  1061
         Zot:2 |       0 |   70844 |   0.0 |       0 |      48 |   0.0 |  1435
         Zot:3 |       0 |   53441 |   0.0 |       0 |      27 |   0.0 |  1191
         Zot:4 |       0 |   63631 |   0.0 |       0 |      34 |   0.0 |  1407
         Zot:5 |       0 |  212718 |   0.0 |       0 |      58 |   0.0 |  2391
       Abyss:5 |   11936 |    4246 |  73.8 |      20 |      11 |  64.5 |   415
           Lab |       0 |    1341 |   0.0 |       0 |       2 |   0.0 |   362
         Sewer |       0 |     412 |   0.0 |       0 |      24 |   0.0 |   507
       Ossuary |       0 |     439 |   0.0 |       0 |      37 |   0.0 |   582
         IceCv |       0 |    5430 |   0.0 |       0 |      20 |   0.0 |   871
       Volcano |       0 |    4274 |   0.0 |       0 |       9 |   0.0 |   321
               +---------+---------+-------+---------+---------+-------+---------
